 Dungeon Crawl Stone Soup version 0.25.0 (webtiles) character file.

Game seed: 12532858875769776894

201 BlaiseRascal the Chiller (level 5, -3/38 HPs)
             Began as a Ghoul Ice Elementalist on June 12, 2020.
             Slain by a centaur (5 damage)
             ... on level 4 of the Dungeon.
             The game lasted 00:12:05 (3624 turns).

BlaiseRascal the Chiller (Ghoul Ice Elementalist)   Turns: 3624, Time: 00:12:05

Health: -3/38      AC:  3    Str: 12    XL:     5   Next: 79%
Magic:  5/9        EV: 12    Int: 11    God:
Gold:   111        SH:  0    Dex:  9    Spells: 7/11 levels left

rFire    . . .     SeeInvis .   b - +2 dagger (freeze)
rCold    + . .     Gourm    .   (no shield)
rNeg     + + +     Faith    .   a - +0 robe
rPois    ∞         Spirit   .   p - +0 helmet
rElec    .         Reflect  .   (no cloak)
rCorr    .         Harm     .   (no gloves)
MR       .....                  (no boots)
Stlth    ++........             (no amulet)
HPRegen  0.00/turn              (no ring)
MPRegen  0.11/turn              (no ring)

@: flying, rotting
A: rotting body, claws 1, carnivore, cold resistance 1, negative energy
resistance 3, inhibited regeneration, torment resistance, unbreathing
a: no special abilities


You were on level 4 of the Dungeon.
You were not hungry.

You visited 1 branch of the dungeon, and saw 4 of its levels.

You collected 111 gold pieces.

Inventory:

Hand Weapons
 b - a +2 dagger of freezing (weapon)
Armour
 a - a +0 robe (worn)
 p - a +0 helmet (worn)
Jewellery
 j - an uncursed ring of protection from magic {unknown}
 q - a +4 ring of evasion {unknown}
Scrolls
 d - a scroll of magic mapping {unknown}
 e - a scroll of enchant weapon {unknown}
 k - a scroll of remove curse {unknown}
 n - a scroll of immolation {unknown}
Potions
 f - 3 potions of flight
 g - a potion of invisibility {unknown}
 h - a potion of degeneration {unknown}
 i - a potion of heal wounds {unknown}
 l - 2 potions of curing {unknown}
 m - a potion of magic {unknown}
 r - a potion of ambrosia {unknown}
Comestibles
 c - 2 rations


   Skills:
 + Level 1.9 Dodging
 - Level 2.1 Stealth
 + Level 3.5 Spellcasting
 + Level 6.2 Ice Magic


You had 7 spell levels left.
You knew the following spells:

 Your Spells              Type           Power        Failure   Level  Hunger
a - Freeze                Ice            ###.         1%          1    #......
b - Frozen Ramparts       Ice            ###...       6%          3    ###....

Your spell library contained the following spells:

 Spells                   Type           Power        Failure   Level  Hunger
 Ozocubu's Armour         Chrm/Ice       #.......     22%         3    ###....
 Hailstorm                Conj/Ice       #.......     56%         4    #####..
 Summon Ice Beast         Ice/Summ       #.......     56%         4    #####..


Dungeon Overview and Level Annotations

Branches:
Dungeon (4/15)
 Temple: D:4-7

Altars:

Annotations:
D:3 Grinder


Innate Abilities, Weirdness & Mutations

Your body is rotting away.
You thrive on raw meat.
You are immune to poison.
You have sharp fingernails.
You are carnivorous and can eat meat at any time.
Your flesh is cold resistant. (rC+)
You are immune to negative energy. (rN+++)
You do not regenerate when monsters are visible.
You are immune to unholy pain and torment.
You can survive without breathing.


Message History

Press: ? - help, Shift-Dir - straight line, f/p - centaur
Aim: a centaur, quivering 11 arrows (moderately wounded)
You freeze the centaur.
The centaur is heavily wounded.
The centaur hits you.
* * * LOW HITPOINT WARNING * * *
Casting: Freeze (safe; 1% risk of failure)
Confirm with . or Enter, or press ? or * to list all spells.
Aiming: Freeze (safe; 1% risk of failure)
Press: ? - help, Shift-Dir - straight line, f/p - centaur
Aim: a centaur, quivering 11 arrows (heavily wounded)
You freeze the centaur.
The centaur is almost dead.
The centaur hits you.
* * * LOW HITPOINT WARNING * * *
The centaur misses you.
It was a potion of flight.
You feel very buoyant.
You fly up into the air.
The centaur hits you.
You die...

#.# ..... .. #......
#.###........
#..#..........
#..................#
##..................#
.###...c...............#
.......@...............#
........(...............
##...................$..
#.........(.............
..(.........(...........
#.......................
.#......................
##...................<.
##....................


You could see a centaur.

Vanquished Creatures
  A hound (D:3)
  A worker ant (D:3)
  Robin (D:3)
  4 adders
  An ooze (D:3)
  A worm (D:3)
  A dart slug (D:1)
  3 leopard geckos
  5 orcs (D:2)
  5 giant cockroaches
  13 goblins
  15 hobgoblins
  6 jackals
  2 quokkas (D:3)
  2 ball pythons (D:3)
  6 bats
  6 frilled lizards
  2 kobolds (D:1)
  7 rats
82 creatures vanquished.

Notes
Turn   | Place    | Note
-------+----------+-------------------------------------------
     0 | D:1      | BlaiseRascal the Ghoul Ice Elementalist began the quest for
                  | the Orb.
     0 | D:1      | Reached XP level 1. HP: 14/14 MP: 2/2
   194 | D:1      | Reached XP level 2. HP: 13/20 MP: 0/3
   396 | D:1      | Reached skill level 5 in Ice Magic
   947 | D:1      | Reached XP level 3. HP: 26/26 MP: 1/5
   952 | D:1      | Learned a level 3 spell: Frozen Ramparts
  2117 | D:2      | Reached XP level 4. HP: 9/29 MP: 0/6
  2340 | D:3      | Noticed Robin
  2346 | D:3      | Killed Robin
  3041 | D:3      | Reached XP level 5. HP: 38/38 MP: 2/8
  3327 | D:3      | Noticed Grinder
  3333 | D:3      | Reached skill level 6 in Ice Magic
  3608 | D:4      | Noticed a centaur
  3624 | D:4      | Slain by a centaur

Illustrated notes

Levels and vault maps discovered:
D:1:      sevenhm_arrival_forest_fort_large_2, layout_basic
D:2:      layout_basic
D:3:      layout_loops_corners, lemuel_round_altar, uniq_grinder, uniq_robin
D:4:      layout_layer_cave, minmay_temple_entry_gardened_gates, first_ration,
          portal_sewer_entry_f

Skill      XL: |  1  2  3  4  5 |
---------------+----------------+-----
Ice Magic      | 5 6 |  6.2
Spellcasting   | 2 3 |  3.5
Dodging        | |  1.9
Stealth        | |  2.1

Action                   |  1- 3 |  4- 6 || total
-------------------------+-------+-------++-------
Melee: Unarmed           |     2 |       ||     2
       Dagger            |    22 |    37 ||    59
 Cast: Freeze            |    59 |    48 ||   107
       Frozen Ramparts   |       |     6 ||     6
  Use: Potion            |       |     1 ||     1
 Stab: Sleeping          |       |     1 ||     1
  Eat: Chunk             |     7 |    18 ||    25
Armor: Robe              |    13 |    23 ||    36
Dodge: Dodged            |    51 |    86 ||   137
